 Dungeon Crawl Stone Soup version 0.29-a0-668-g12ee2bf84d (webtiles) character file.

Game seed: 1729622973025805548

1678 hquester1 the Shield-Bearer (level 8, -4/71 HPs)
             Began as a Minotaur Fighter on June 23, 2022.
             Was a Follower of Okawaru.
             Slain by a troll (17 damage)
             ... on level 6 of the Dungeon.
             The game lasted 00:15:20 (6097 turns).

hquester1 the Shield-Bearer (Minotaur Fighter)      Turns: 6097, Time: 00:15:21

Health: -4/71      AC:  9    Str: 21    XL:     8   Next: 70%
Magic:  7/7        EV: 11    Int:  5    God:    Okawaru [*.....]
Gold:   224        SH:  6    Dex: 12    Spells: 7/7 levels left

rFire   . . .      SeeInvis .   s - +4 mace (chaos)
rCold   . . .      Faith    .   c - +1 buckler
rNeg    . . .      Spirit   .   b - +0 scale mail
rPois   .          Reflect  .   (helmet restricted)
rElec   .          Harm     .   (no cloak)
rCorr   .          Rampage  .   t - +0 pair of gloves
Will    .....                   (no boots)
Stlth   ..........              (no amulet)
HPRegen 0.21/turn               (no ring)
MPRegen 0.10/turn               (no ring)

@: no status effects
A: horns 2, retaliatory headbutt
a: Renounce Religion, Heroism


You were on level 6 of the Dungeon.
You worshipped Okawaru.
Okawaru was aware of your devotion.
You visited 2 branches of the dungeon, and saw 7 of its levels.
You also visited: Sewer.

You collected 224 gold pieces.

Inventory:

Hand Weapons
 s - a +4 mace of chaos (weapon)
 w - a +0 flail of pain
Armour
 b - a +0 scale mail (worn)
 c - a +1 buckler (worn)
 k - a +0 plate armour
 t - a +0 pair of gloves (worn)
Wands
 a - a wand of paralysis (5)
 l - a wand of digging (7)
 y - a wand of iceblast (5)
 C - a wand of mindburst (7)
Scrolls
 h - 2 scrolls of teleportation
 m - a scroll of blinking
 n - 2 scrolls of fog
 p - 2 scrolls of enchant armour
 x - a scroll of identify
 A - a scroll of enchant weapon
Potions
 d - 3 potions of might
 e - 3 potions of heal wounds
 f - 4 potions of haste
 g - 3 potions of lignification
 i - a potion of curing
 j - 2 potions of berserk rage
 o - a potion of resistance
 q - a potion of degeneration {unknown}
 r - 2 potions of magic
 u - a potion of flight {unknown}
 v - a potion of brilliance {unknown}
 z - a potion of ambrosia {unknown}
 B - 2 potions of mutation


   Skills:
 + Level 6.9 Fighting
 + Level 6.3 Maces & Flails
 + Level 7.0 Armour
 + Level 5.2 Dodging
 + Level 7.0 Shields


You had 7 spell levels left.
You didn't know any spells.
Your spell library was empty.

Dungeon Overview and Level Annotations

Branches:
Dungeon (6/15)             Temple (1/1) D:5           Sewer (visited)

Altars:
Ashenzari
Dithmenos
Elyvilon
Fedhas
Gozag
Hepliaklqana
Kikubaaqudgha
Makhleb
Nemelex Xobeh
Okawaru
Qazlal
Ru
Sif Muna
Trog
Uskayaw
Vehumet
Wu Jian
Xom
Yredelemnul
Zin
The Shining One

Shops:
D:5 (

Annotations:
D:5 2 transporters, ZappyNine's ghost, amateur BaTm


Innate Abilities, Weirdness & Mutations

You have a pair of horns on your head.
You reflexively headbutt those who attack you in melee.


Message History

You sock the white imp! You burn the white imp.
You kill the white imp!
Okawaru accepts your kill.
The gnoll sergeant hits you from afar with a +0 trident.
The gnoll sergeant misses you.
You hit the gnoll sergeant. You burn the gnoll sergeant.
The gnoll sergeant is moderately wounded.
You block the gnoll sergeant's attack.
You hit the gnoll sergeant. You freeze the gnoll sergeant.
The gnoll sergeant is heavily wounded.
The shadow imp laughs crazily.
The gnoll sergeant hits you with a +0 trident!
You hit the gnoll sergeant but do no damage.
The gnoll sergeant is heavily wounded.
The gnoll sergeant barely misses you. You furiously retaliate!
You headbutt the gnoll sergeant, but do no damage.
You hit the gnoll sergeant. You headbutt the gnoll sergeant!
You kill the gnoll sergeant!
Okawaru accepts your kill. The shadow imp closely misses you.
You furiously retaliate!
You headbutt the shadow imp!
You kill the shadow imp!
Okawaru accepts your kill.
Your Armour skill increases to level 7!
Your Shields skill increases to level 7!
You hit the troll but do no damage. Lightning courses through the troll!
You headbutt the troll!
The troll is moderately wounded.
The troll completely misses you. You furiously retaliate!
You headbutt the troll, but do no damage.
You block the troll's attack. The troll claws you.
You hit the troll but do no damage. Your headbutt misses the troll.
The troll is moderately wounded.
The troll bites you! The troll barely misses you. The troll claws you!
You sock the troll!
The troll goes berserk!
Your headbutt misses the troll.
The troll is heavily wounded.
You block the troll's attack. The troll claws you!
* * * LOW HITPOINT WARNING * * *
The troll claws you!
You die...

# #..g##g5.o. ###..g#
#...# ## .##..5#
#########.####
..#...####5..go.#......
..'..g##......#..#
..#.T.##.....##..#
.##...#....g.###g#
###..T.gg..### #T# #
########## #@# #.# #.#
#.# ##.## #.######...##
#.......>#..#
####.######....#
#.......# ##.#.##
#.......####....####
##....................


You could see a troll (berserk), a gnoll and an orc.

Vanquished Creatures
  A yak (D:6)
  Edmund (D:6)
  A sky beast (D:6)
  3 ogres (D:5)
  2 scorpions
  A gnoll sergeant (D:6)
  A howler monkey (D:4)
  6 jellies
  2 orc priests
  4 hounds
  4 iguanas
  2 orc wizards (D:5)
  A hell rat (Sewer)
  A gnoll (D:6)
  10 adders
  6 river rats (Sewer)
  A shadow imp (D:6)
  2 white imps
  An ufetubus (D:5)
  4 worms
  5 dart slugs
  10 orcs
  13 endoplasms
  3 giant cockroaches (D:1)
  5 goblins
  11 hobgoblins
  4 jackals (D:3)
  10 kobolds
  2 quokkas (D:1)
  11 ball pythons
  4 bats
  3 frilled lizards
  5 rats
140 creatures vanquished.

Vanquished Creatures (others)
  7 fungi
  3 plants (D:2)
  5 toadstools (D:3)
15 creatures vanquished.

Grand Total: 155 creatures vanquished

Notes
Turn   | Place    | Note
-------+----------+-------------------------------------------
     0 | D:1      | hquester1 the Minotaur Fighter began the quest for the Orb.
     0 | D:1      | Reached XP level 1. HP: 19/19 MP: 0/0
   117 | D:1      | Reached XP level 2. HP: 24/27 MP: 1/1
   280 | D:1      | Reached skill level 1 in Dodging
   362 | D:1      | Reached XP level 3. HP: 26/33 MP: 2/2
   934 | D:2      | Found a shimmering blue altar of Sif Muna.
   999 | D:2      | Found a faded altar of an unknown god.
  1476 | D:3      | Reached XP level 4. HP: 39/40 MP: 3/3
  1645 | D:3      | Found a glowing drain.
  1654 | Sewer    | Entered a sewer
  1807 | Sewer    | Reached XP level 5. HP: 47/47 MP: 4/4
  2513 | D:3      | Reached XP level 6. HP: 49/55 MP: 5/5
  2519 | D:3      | Reached skill level 5 in Armour
  2519 | D:3      | Reached skill level 5 in Shields
  2862 | D:3      | Identified the +3 leather armour "Zanism" {-Cast Rampage
                  | Drain Dex+9}
  3212 | D:4      | Reached skill level 5 in Fighting
  3658 | D:4      | Found an ornate altar of the Wu Jian Council.
  4220 | D:5      | Entered Level 5 of the Dungeon
  4259 | D:5      | Reached XP level 7. HP: 13/61 MP: 6/6
  4522 | D:5      | Found a transporter.
  4626 | D:5      | Found a transporter.
  4630 | D:5      | Noticed ZappyNine's ghost (amateur BaTm)
  4703 | D:5      | Found Ciasex's Weapon Shoppe.
  4726 | D:5      | Found a staircase to the Ecumenical Temple.
  4735 | Temple   | Entered the Ecumenical Temple
  4788 | Temple   | Became a worshipper of Warmaster Okawaru
  5015 | D:5      | Reached skill level 5 in Maces & Flails
  5159 | D:5      | Reached XP level 8. HP: 46/70 MP: 7/7
  5746 | D:6      | Noticed Edmund
  5758 | D:6      | Killed Edmund
  5758 | D:6      | Reached * piety under Okawaru
  5968 | D:6      | Reached skill level 5 in Dodging
  6055 | D:6      | Noticed a troll
  6097 | D:6      | Slain by a troll

Illustrated notes

Levels and vault maps discovered:
D:1:      eino_arrival_druids_welcome, layout_loops_cross
D:2:      layout_basic, shapermc_ecumenical_altar_mp_urbaneastern, basic_altar
D:3:      cheibrodos_fertilizer, layout_basic, cheibrodos_sewer_entry_drain,
          minivault_25, roderic_filled_cross, minmay_starry_boxes
D:4:      layout_basic, nicolae_wu_jian_immortal_techniques,
          chequers_serial_rivers_micro_e, roderic_st_hans_cross
D:5:      minmay_octagon_keep, layout_loops_ring, lemuel_temple_firewalk_b,
          serial_shops, shop, gammafunk_ghost_stat_death
D:6:      minmay_opposing_rooms, layout_loops_ring,
          mainiacjoe_overflow_cross_hatched, uniq_maggie, uniq_edmund
Temple:   compressed_dpeg_triangle_lava_temple

Skill      XL: |  1  2  3  4  5  6  7  8 |
---------------+-------------------------+-----
Dodging        | 1 2 3 4 5 |  5.2
Armour         | 4 5 6 7 |  7.0
Shields        | 4 5 6 7 |  7.0
Fighting       | 4 5 6 |  6.9
Maces & Flails | 3 4 5 6 |  6.3

Action                   |  1- 3 |  4- 6 |  7- 9 || total
-------------------------+-------+-------+-------++-------
Melee: Flail             |    92 |    12 |       ||   104
       Headbutt          |     7 |    21 |    17 ||    45
       Mace              |       |   115 |    99 ||   214
  Use: Scroll            |     4 |    12 |     3 ||    19
       Potion            |       |     1 |       ||     1
Armor: Scale mail        |    51 |    24 |    24 ||    99
Dodge: Dodged            |    52 |    53 |    37 ||   142
Block: Buckler           |    22 |    31 |    23 ||    76

Table legend: (Time is in decaauts)
 A = Elapsed time spent in this place.
 B = Non-inter-level travel time spent in this place.
 C = Inter-level travel time spent in this place.
 D = Time resting spent in this place.
 E = Time spent auto-exploring this place.
 F = Levels seen in this place.
 G = Mean time per level.
                   A        B        C        D        E       F      G
               +--------+--------+--------+--------+--------+-----+--------+
         Total |   6180 |   5943 |    237 |    577 |   4233 |   8 |  772.5 |
       Dungeon |   5747 |   5521 |    226 |    451 |   4039 |   6 |  957.8 |
        Temple |    222 |    211 |     11 |      0 |    177 |   1 |  222.0 |
         Sewer |    210 |    210 |      0 |    126 |     16 |   1 |  210.0 |
               +--------+--------+--------+--------+--------+-----+--------+

Top non-repeatable levels by time:
     D:3: 1455 daAuts
     D:5: 1284 daAuts
     D:4: 1127 daAuts
     D:1: 836 daAuts
     D:2: 658 daAuts
     D:6: 385 daAuts
  Temple: 222 daAuts
   Sewer: 210 daAuts
